Map: Abyssal Reef LE

Players

Elazer - Winner!

  • Race: Zerg Zerg
  • League: Master
  • Spawn Location: 11:00

Stephano

  • Race: Zerg Zerg
  • League: Grandmaster
  • Spawn Location: 5:00

Event: HomeStory Cup XVI

VOD

Have the link to the VOD?

Description

Time

  • Played on: Nov. 9, 2017, 7:06 a.m.
  • Length: 7:44

All games in this series

Show
View Real Time Build Order
Export as new Build Order

Elazer Zerg - Winner!

Build Orders: Pool First 

Get SALT Encoding   

  12  0:17  Spawning Pool  
  11  0:22  Drone  
  11  0:27  Drone  
  13  0:33  Drone  
  14  0:39  Overlord  
  14  1:03  Zergling x4  
  16  1:05  Zergling x2  
  17  1:16  Hatchery  
  16  1:19  Zergling x2  
  17  1:26  Zergling x2  
  18  1:35  Queen  
  18  1:38  Zergling x2  
  21  1:49  Overlord  
  21  1:58  Drone  
  22  2:10  Drone  
  22  2:14  Queen  
  25  2:20  Drone  
  26  2:30  Drone  
  26  2:32  Queen  
  26  2:34  Drone  
  25  2:40  Drone  
  25  2:43  Drone  
  26  2:44  Drone x2  
  26  2:47  Drone  
  29  2:51  Drone  
  29  2:56  Overlord  
  30  3:00  Drone  
  31  3:06  Zergling x2  
  31  3:11  Drone  
  33  3:15  Drone x2  
  33  3:16  Drone x2  
  35  3:22  Drone x2  
  35  3:24  Drone  
  35  3:26  Extractor  
  37  3:28  Extractor, Drone  
  37  3:37  Overlord  
  37  3:38  Drone  
  37  3:40  Drone  
  39  3:47  Drone  
  40  3:51  Drone  
  40  3:52  Drone x2  
  40  3:53  Drone  
  43  4:00  Drone  
  44  4:04  Drone  
  44  4:05  Evolution Chamber  
  44  4:07  Roach Warren, Drone x2  
  45  4:10  Drone  
  45  4:15  Overlord  
  46  4:19  Evolution Chamber  
  46  4:20  Evolution Chamber  
  46  4:21  Lair  
  44  4:26  Overlord  
  44  4:31  Zerg Missile Weapons Level 1  
  44  4:32  Overlord  
  45  4:48  Roach x3  
  45  4:50  Evolution Chamber  
  45  4:52  Drone  
  51  4:54  Roach  
  51  4:55  Roach  
  55  5:00  Overlord  
  55  5:02  Drone  
  55  5:05  Roach  
  55  5:06  Roach  
  60  5:13  Roach x2  
  65  5:17  Roach, Hatchery  
  66  5:21  Drone  
  66  5:24  Drone  
  66  5:25  Extractor, Drone x3  
  70  5:30  Overlord  
  70  5:35  Glial Reconstitution  
  70  5:37  Drone x3  
  70  5:42  Drone x3  
  76  5:44  Overseer  
  76  5:48  Overlord  
  76  5:50  Drone  
  76  5:52  Drone  
  78  6:04  Roach  
  78  6:05  Roach x2  
  78  6:10  Roach x3  
  90  6:18  Roach, Spine Crawler  
  89  6:21  Overlord  
  89  6:24  Overlord  
  91  6:36  Overlord  
  91  6:40  Roach  
  91  6:41  Roach x2, Spine Crawler  
  91  6:44  Roach  
  98  6:48  Spine Crawler  
  97  6:54  Roach x5  
  97  6:55  Queen x2  
  105  7:01  Roach x2  
  105  7:06  Roach x2  
  109  7:13  Roach x2  
  97  7:17  Roach  
  97  7:21  Roach x2  
Show
View Real Time Build Order
Export as new Build Order

Stephano Zerg 

Build Orders: Hatch First 

Get SALT Encoding   

  12  0:00  Drone  
  13  0:12  Overlord  
  13  0:17  Drone  
  14  0:31  Drone x2  
  14  0:34  Drone  
  17  0:52  Hatchery  
  17  0:55  Drone  
  17  0:58  Drone  
  18  1:08  Extractor  
  17  1:13  Spawning Pool  
  17  1:16  Drone  
  17  1:19  Drone  
  18  1:29  Drone  
  19  2:05  Zergling x8  
  19  2:06  Queen  
  24  2:16  Zergling x2  
  23  2:30  Zergling x2  
  23  2:32  Drone x2  
  25  2:37  Drone  
  25  2:38  Drone  
  27  2:47  Extractor, Queen  
  27  2:50  Overlord  
  29  3:08  Drone  
  29  3:09  Drone  
  29  3:10  Drone x3  
  34  3:15  Drone  
  34  3:19  Drone x2  
  34  3:23  Metabolic Boost  
  34  3:28  Baneling Nest  
  34  3:31  Drone  
  34  3:38  Overlord  
  34  3:47  Hatchery  
  33  3:52  Drone x2  
  35  3:57  Zergling x8  
  35  4:02  Drone x2  
  41  4:04  Drone  
  42  4:12  Overlord  
  42  4:15  Baneling  
  42  4:16  Drone  
  43  4:19  Drone  
  43  4:21  Overlord  
  43  4:24  Extractor  
  43  4:28  Roach Warren, Drone  
  43  4:29  Overlord  
  43  4:37  Drone x2  
  43  4:38  Drone x2  
  47  4:39  Drone  
  48  4:55  Drone x2  
  48  4:56  Queen  
  52  5:05  Overlord  
  52  5:09  Roach  
  52  5:10  Roach x3  
  52  5:14  Roach  
  62  5:18  Roach x3  
  62  5:19  Roach  
  68  5:30  Roach x2  
  68  5:31  Roach x3  
  68  5:34  Overlord  
  77  5:41  Roach x2  
  81  5:45  Overlord  
  81  5:50  Overlord  
  81  5:53  Zergling x2  
  81  5:54  Zergling x10  
  87  6:01  Zergling x4  
  87  6:03  Unknown  
  89  6:07  Zergling x8  
  93  6:13  Zergling x16  
  93  6:14  Baneling x3  
  101  6:22  Zergling x4  
  103  6:27  Baneling x8  
  103  6:29  Zergling x4  
  105  6:35  Baneling x2  
  105  6:37  Zergling x2  
  105  6:38  Overlord  
  106  6:42  Baneling  
  106  6:43  Baneling  
  101  6:59  Zergling x10  
  91  7:05  Zergling x12  
  79  7:16  Zergling x20  
Tags
 
Add a new tag
Caveats
  • Supply blocks, unpowered buildings, or Contaminate may cause inaccurate times.
  • Supply counts are checked every 10 seconds.